 Dungeon Crawl Stone Soup version 0.31-a0-1447-g87ca8d402b (webtiles) character file.

Game seed: 2728793632156509578

4066 Sonofthefire the Mimic (level 10, -3/70 (71) HPs)
             Began as an Octopode Shapeshifter on Dec 27, 2023.
             Was an Initiate of Gozag.
             Slain by a manticore (5 damage)
             ... on level 8 of the Dungeon.
             The game lasted 00:15:36 (7798 turns).

Sonofthefire the Mimic (Octopode Shapeshifter)      Turns: 7798, Time: 00:15:39

HP:   -3/70 (71)    AC:  3    Str: 19    XL:     10   Next: 25%
MP:   10/10         EV: 18    Int: 12    God:    Gozag
Gold: 548           SH:  0    Dex: 11    Spells: 9/9 levels left

rFire   . . .        a - melded +6 dagger (drain)
rCold   + . .        (shield currently unavailable)
rNeg    + . .        (helmet restricted)
rPois   +            (no amulet)
rElec   .            e - ring of protection from cold
rCorr   .            g - ring of positive energy
SInv    .            d - ring of willpower
Will    +....        j - ring of poison resistance
Stlth   +            (no ring)
HPRegen 0.31/turn    (no ring)
MPRegen 0.12/turn    (no ring)
                     (no ring)

%: no passive effects
@: flux-form, gold aura, glowing, studying Shields, lightly drained
A: glow, contaminating, almost no armour, amphibious, 8 rings, camouflage 1,
gelatinous body 1, (nimble swimmer 1), tentacles, antennae 1, iridescent scales
1
a: Begin Untransformation, Renounce Religion, Potion Petition, Call Merchant,
Bribe Branch


You were on level 8 of the Dungeon.
You worshipped Gozag.
Gozag was pleased with you.
You were something dangerously unstable.
You visited 2 branches of the dungeon, and saw 9 of its levels.

You collected 623 gold pieces.
You paid 75 gold pieces to Gozag.

Inventory:

Hand Weapons
 a - a +6 dagger of draining (melded)
Missiles
 s - 2 throwing nets
Jewellery
 d - a ring of willpower (on tentacle)
 e - a ring of protection from cold (left tentacle)
 g - a ring of positive energy (right tentacle)
 j - a ring of poison resistance (on tentacle)
Talismans
 b - a beast talisman
 c - a flux talisman (active)
 v - a maw talisman
Wands
 h - a wand of flame (56)
 k - a wand of roots (8)
 u - a wand of digging (9)
Scrolls
 f - a scroll of amnesia
 i - a scroll of enchant weapon {unknown}
 m - a scroll of noise
 n - a scroll of revelation {unknown}
 o - 2 scrolls of fear {unknown}
 p - 2 scrolls of identify
 q - 2 scrolls of torment {unknown}
 r - 2 scrolls of butterflies {unknown}
 t - 3 scrolls of fog {unknown}
 x - a scroll of teleportation
Potions
 l - 2 potions of curing
 w - a potion of attraction


   Skills:
 + Level 7.6 Fighting
 + Level 5.3 Dodging
 + Level 5.8 Unarmed Combat
 + Level 9.9 Shapeshifting


You had 9 spell levels left.
You didn't know any spells.
Your spell library contained the following spells:

 Spells                   Type           Power      Damage    Failure   Level
 Shock                    Conj/Air       0%         1d3       32%         1
 Cigotuvi's Dreadful Rot  Necr/Alch/Air  0%         N/A       45%         2
 Lesser Beckoning         Tloc           0%         N/A       45%         2
 Gell's Gravitas          Tloc           0%         N/A       69%         3
 Inner Flame              Hex/Fire       0%         N/A       69%         3
 Swiftness                Air            0%         N/A       69%         3
 Teleport Other           Tloc           0%         N/A       69%         3
 Airstrike                Air            0%         2d(0-16)  97%         4
 Brom's Barrelling Bould  Conj/Erth      0%         2d3       97%         4
 Dispel Undead            Necr           0%         3d6       97%         4
 Martyr's Knell           Necr/Summ      0%         N/A       97%         4
 Vhi's Electric Charge    Tloc/Air       0%         N/A       97%         4
 Arcjolt                  Conj/Air       0%         1d10      100%        5
 Fireball                 Conj/Fire      0%         3d3       100%        5
 Irradiate                Conj/Alch      0%         3d11      100%        5
 Iskenderun's Battlesphe  Conj           0%         2d6       100%        5
 Conjure Ball Lightning   Conj/Air       0%         3x3d6     100%        6
 Death Channel            Necr           0%         N/A       100%        6
 Orb of Destruction       Conj           0%         9d5       100%        7
 Ignition                 Fire           0%         3d3       100%        8
 Maxwell's Capacitive Co  Air            0%         ∞         100%        8


Dungeon Overview and Level Annotations

Branches:
Dungeon (8/15)             Temple (1/1) D:6
   Lair: D:8-11

Altars:
Ashenzari
Cheibriados
Elyvilon
Gozag
Kikubaaqudgha
Makhleb
Nemelex Xobeh
Okawaru
Qazlal
Sif Muna
Trog
Uskayaw
Vehumet
Yredelemnul
Zin
The Shining One

Shops:
D:1 !   D:4 !:((*   D:5 *

Annotations:
D:6 1 runed translucent door, 2 transporters, Loonster's ghost, novice MiSh
D:8 1 transporter


Innate Abilities, Weirdness & Mutations

You are something dangerously unstable.
You glow with magical radiation, making you easy to see and hit.
Foes you strike become dangerously contaminated with magical radiation.
You are incapable of wielding weapons or throwing items.
You cannot wear most types of armour.
You are amphibious.
You can wear up to eight rings at the same time.
Your skin changes colour to match your surroundings (Stealth+).
Your rubbery body absorbs attacks. (AC +1, EV +1)
((You are camouflaged when in or above water. (Stealth+)))
You have tentacles for arms and can constrict up to eight enemies at once.
You have a pair of small antennae on your head.
You are partially covered in iridescent scales. (AC +2)


Message History

The manticore is lightly wounded.
The manticore bites you!
* * * LOW HITPOINT WARNING * * *
The manticore barely misses you.
The manticore claws you but does no damage.
You tentacle-slap the manticore but do no damage.
The manticore glows dangerously bright.
You squeeze the manticore.
The manticore is lightly wounded.
The orc warrior is distracted by your dazzling golden aura.
The manticore completely misses you. The manticore misses you. x2
The orc warrior shouts!
You tentacle-slap the manticore but do no damage.
The manticore shudders as magic cascades through it!
The manticore twists and deforms.
The manticore is heavily wounded.
The orc warrior is no longer distracted by gold.
You tentacle-slap the manticore.
The manticore begins to glow.
Your squeeze misses the manticore.
The manticore is heavily wounded.
The manticore closely misses you. The manticore claws you.
* * * LOW HITPOINT WARNING * * *
The manticore closely misses you.
You tentacle-slap the manticore.
The manticore glows dangerously bright.
You squeeze the manticore, but do no damage.
The manticore is heavily wounded.
The manticore barely misses you. The manticore claws you.
* * * LOW HITPOINT WARNING * * *
The manticore misses you.
You completely miss the manticore. You squeeze the manticore.
The manticore is heavily wounded.
The manticore completely misses you. The manticore closely misses you. x2
You tentacle-slap the manticore.
The manticore shudders as magic cascades through it!
The manticore twists and deforms.
The manticore is almost dead.
The manticore bites you!
* * * LOW HITPOINT WARNING * * *
The manticore claws you.
You die...
Your body crumbles into a pile of gold.

#.......#.# ##
#######.#.##...
####o#......
#...........
#.##).......
#.##)#######
#o##.# #.)[#
#H##.###.#.#
#######p##.....#.#
#....<##########.#
#.##### #.# #.#
#.# ######.#
###########.#
#......#
#...........#
#.######
#.########..# #.#
#.# #....# #.# #.#
#.##...#


You could see a manticore (misshapen) and an orc warrior.

Vanquished Creatures
  Pikel (D:4)
  A manticore (D:8)
  Sigmund (D:2)
  A human (D:7)
  3 water moccasins
  Duvessa (D:4)
  An ice beast (D:5)
  3 black bears
  An ogre (D:6)
  2 centaurs
  A phantom (D:5)
  2 kobold brigands
  4 lemures (D:4)
  A bullfrog (D:7)
  A scorpion (D:6)
  4 wights
  Dowan (D:4)
  4 killer bees (D:7)
  3 howler monkeys
  4 bombardier beetles (D:4)
  2 orc priests
  5 hounds
  A jelly (D:7)
  3 gnoll boudas
  3 sleepcaps
  An iguana (D:6)
  7 orc wizards
  Robin (D:4)
  12 gnolls
  4 adders
  2 shadow imps
  4 white imps
  2 ufetubi (D:7)
  4 worms
  3 dart slugs
  30 orcs
  8 ball pythons
  4 bats
  A bat zombie (D:4)
  6 endoplasms
  2 giant cockroaches
  15 goblins
  3 hobgoblins
  2 jackals (D:2)
  7 kobolds
  3 quokkas
  A frilled lizard (D:1)
  A frilled lizard zombie (D:4)
  A goblin zombie (D:7)
  4 rats
182 creatures vanquished.

Notes
Turn   | Place    | Note
-------+----------+-------------------------------------------
     0 | D:1      | Sonofthefire the Octopode Shapeshifter began the quest for
                  | the Orb.
     0 | D:1      | Reached XP level 1. HP: 13/13 MP: 1/1
   122 | D:1      | Reached XP level 2. HP: 19/19 MP: 2/2
   367 | D:1      | Found Riedat's Distillery.
   693 | D:2      | Reached XP level 3. HP: 20/25 MP: 3/3
  1005 | D:2      | Noticed Sigmund
  1013 | D:2      | Killed Sigmund
  1014 | D:2      | Reached skill level 5 in Fighting
  1014 | D:2      | Reached XP level 4. HP: 24/35 MP: 4/4
  1014 | D:2      | Reached XP level 5. HP: 28/40 MP: 5/5
  1260 | D:3      | Reached XP level 6. HP: 17/45 MP: 6/6
  1491 | D:4      | Noticed Dowan
  1494 | D:4      | Noticed Duvessa
  1518 | D:4      | Gained mutation: You are partially covered in iridescent
                  | scales. (AC +2) [potion of mutation]
  1518 | D:4      | Gained mutation: You have a pair of small antennae on your
                  | head. [potion of mutation]
  1523 | D:4      | Killed Duvessa
  1524 | D:4      | Reached skill level 4 in Shapeshifting
  1553 | D:4      | Found Hoimebu's Distillery.
  1606 | D:4      | Killed Dowan
  1772 | D:4      | Found Jebef's Book Emporium.
  1840 | D:4      | Reached XP level 7. HP: 50/50 MP: 7/7
  1957 | D:4      | Found Qanos's General Store.
  1979 | D:4      | Found Zosoim's Antique Weapon Emporium.
  1990 | D:4      | Found Gyridism's Antique Weapon Boutique.
  1995 | D:4      | Reached skill level 5 in Shapeshifting
  2145 | D:4      | Found an ancient bone altar of Kikubaaqudgha.
  2240 | D:4      | Noticed Pikel
  2362 | D:4      | Found a snail-covered altar of Cheibriados.
  2486 | D:4      | Killed Pikel
  2487 | D:4      | Reached skill level 7 in Shapeshifting
  2487 | D:4      | Reached XP level 8. HP: 38/56 MP: 8/8
  2593 | D:4      | Noticed Robin
  2626 | D:4      | Killed Robin
  2808 | D:4      | Found a burning altar of Makhleb.
  3031 | D:5      | Entered Level 5 of the Dungeon
  3051 | D:5      | Reached skill level 8 in Shapeshifting
  3567 | D:5      | Found Zin's Purification Station.
  3572 | D:5      | Found a glowing silver altar of Zin.
  3959 | D:5      | Reached XP level 9. HP: 60/62 MP: 9/9
  3985 | D:5      | Found a hide-covered altar of Uskayaw.
  4107 | D:6      | Found a staircase to the Ecumenical Temple.
  4125 | D:6      | Reached skill level 9 in Shapeshifting
  4273 | Temple   | Entered the Ecumenical Temple
  4372 | Temple   | Became a worshipper of Gozag Ym Sagoz the Greedy
  4749 | D:6      | Found a runed translucent door.
  4776 | D:6      | Noticed Loonster's ghost (novice MiSh)
  4985 | D:6      | Found a transporter.
  4986 | D:6      | Noticed a kobold demonologist
  5131 | D:6      | Noticed a kobold demonologist
  5143 | D:6      | Found a transporter.
  5272 | D:7      | Found a runed translucent door.
  5273 | D:7      | Found a basalt altar of Yredelemnul.
  6157 | D:7      | Reached skill level 5 in Unarmed Combat
  6333 | D:7      | Reached XP level 10. HP: 54/71 MP: 10/10
  6750 | D:8      | Found the +0 mask of the Dragon {Will+ Slay+3 SInv}
  6750 | D:8      | Found a transporter.
  6838 | D:8      | Noticed a manticore
  6852 | D:8      | Reached skill level 5 in Dodging
  6857 | D:8      | Noticed a manticore
  6862 | D:8      | Noticed a two-headed ogre
  6867 | D:8      | Killed a manticore
  7798 | D:8      | HP: 2/70 [manticore (13)]
  7798 | D:8      | Slain by a manticore

Illustrated notes

Levels and vault maps discovered:
D:1:      elethiomel_arrival_quiet, layout_basic, serial_shops, shop,
          chequers_decorated_corner, hangedman_decor_lopped
D:2:      layout_rooms, interstate_on_off, uniq_sigmund
D:3:      layout_rooms, marbit_many_paths, lemuel_crystal_altar, serial_bayou,
          serial_bayou_lagoon_a, serial_bayou_lake_a, serial_bayou_lagoon_b,
          serial_bayou_pond_d, serial_bayou_pond_e,
          chequers_serial_rivers_small_3
D:4:      layout_cave_pools, lightli_temple_of_fire,
          lemuel_zombie_altar_kikubaaqudgha, cheibrodos_worm_habitat,
          serial_shops, nicolae_diamond_shop, nicolae_book_shop_shelving, shop,
          shop, shop, serial_library, serial_library_regret_index_branch_corner,
          serial_library_hellmonk_filled_rooms,
          serial_library_hellmonk_secret_room, serial_library_hellmonk_octagon,
          serial_library_hellmonk_semicircle,
          serial_library_hellmonk_big_corner, uniq_robin, uniq_duvessa,
          uniq_pikel
D:5:      layout_basic, zin_purify, nicolae_uskayaw_suspiria
D:6:      gammafunk_wand_slinger, layout_rooms, minmay_temple_entry_waves,
          ebering_ghost_sewer_d
D:7:      layout_basic, dk_yredelemnul_ordeal
D:8:      minmay_ornate_pinched, layout_basic, xom_shifter_show,
          gammafunk_ghost_abyssal_escape
Temple:   hellmonk_temple_micro_hex

Skill      XL: |  1  2  3  4  5  6  7  8  9 10 |
---------------+-------------------------------+-----
Fighting       | 2 5 7 |  7.6
Shapeshifting  | 4 7 8 9 |  9.9
Dodging        | 4 5 |  5.3
Unarmed Combat | 5 |  5.8

Action                     |  1- 3 |  4- 6 |  7- 9 | 10-12 || total
---------------------------+-------+-------+-------+-------++-------
  Melee: Unarmed           |    58 |    77 |   185 |    70 ||   390
         Constrict         |    16 |     9 |    76 |    17 ||   118
         Tentacles         |    12 |     6 |    79 |    24 ||   121
         Punch             |     1 |     2 |     3 |       ||     6
         Dagger            |       |     4 |    97 |       ||   101
    Use: Potion            |       |     7 |     1 |     1 ||     9
         Scroll            |       |     4 |     1 |       ||     5
   Stab: Sleeping          |     3 |     2 |     2 |       ||     7
 Armour: Skin              |    24 |    80 |   138 |    37 ||   279
  Dodge: Dodged            |    41 |    26 |   220 |    48 ||   335
   Form: Flux              |       |       |     1 |     1 ||     2
         Maw               |       |       |       |     1 ||     1

Table legend: (Time is in decaauts)
 A = Elapsed time spent in this place.
 B = Non-inter-level travel time spent in this place.
 C = Inter-level travel time spent in this place.
 D = Time resting spent in this place.
 E = Time spent auto-exploring this place.
 F = Levels seen in this place.
 G = Mean time per level.
                   A        B        C        D        E       F      G
               +--------+--------+--------+--------+--------+-----+--------+
         Total |   7712 |   7567 |    145 |   2867 |   3197 |   9 |  856.9 |
       Dungeon |   7608 |   7463 |    145 |   2773 |   3197 |   8 |  951.0 |
        Temple |    104 |    104 |      0 |     94 |      0 |   1 |  104.0 |
               +--------+--------+--------+--------+--------+-----+--------+

Top non-repeatable levels by time:
     D:7: 1738 daAuts
     D:4: 1510 daAuts
     D:6: 1067 daAuts
     D:5: 1059 daAuts
     D:8: 760 daAuts
     D:1: 684 daAuts
     D:2: 541 daAuts
     D:3: 244 daAuts
  Temple: 104 daAuts
